cohdb
Replays
Latest Replays
All Replays
Popular Replays
Top Player Replays
Match Explorer
How It Works
Community
CoH3 Stats
Reddit
Sign in to upload your games and track your stats! →
Sign in with Steam
Match 45555645
Unlisted
Match 45555645
Overview
Messages
Build Orders
End
Construct Section Command Post
Selects Canadian Shock Battlegroup
Royal Engineer Section
Dingo Light Scout Car
Dingo Light Scout Car
Construct Platoon Command Post
Selects Attacking Spirit
Selects Canadian Shock Section
Canadian Shock Section
Unlock M3 Stuart Light Tanks
Selects Burnout
Burnout
M3 Stuart Light Tank
Burnout
Canadian Shock Section
Canadian Shock Section
Infantry Training
Burnout
Exf
Gravey
General Kenobi
MSZW
0
0
Comments
sign in to comment!
No comments posted yet!